 Dungeon Crawl Stone Soup version 0.19-a0-1907-gcff654f (webtiles) character file.

247 spe3d0 the Firebug (level 5, 0/32 HPs)
             Began as a High Elf Fire Elementalist on Oct 22, 2016.
             Was a Follower of Yredelemnul.
             Slain by a wight
             ... wielding a +3 hand axe of freezing
              (1 damage)
             ... on level 3 of the Dungeon.
             The game lasted 00:19:08 (1926 turns).

spe3d0 the Firebug (High Elf Fire Elementalist)     Turns: 1926, Time: 00:19:09

Health: 0/32       AC:  8    Str:  7    XL:     5   Next: 85%
Magic:  7/11       EV:  2    Int: 19    God:    Yredelemnul [*.....]
Gold:   91         SH:  0    Dex: 16    Spells: 3 memorised, 5 levels left

rFire  . . .     SeeInvis .     p - +2 dagger (venom)
rCold  . . .     Gourm    .     w - +0 chain mail (curse)
rNeg   . . .     Faith    .     (no shield)
rPois  +         Spirit   .     (no helmet)
rElec  .         Reflect  .     (no cloak)
rCorr  .         Harm     .     (no gloves)
MR     .....                    (no boots)
Stlth  ..........               (no amulet)
                                h - ring of stealth
                                f - ring of poison resistance

@: contaminated, glowing, drained
A: screaming 1
a: Animate Remains, Renounce Religion


You were on level 3 of the Dungeon.
You worshipped Yredelemnul.
Yredelemnul was aware of your devotion.
You were not hungry.

You visited 1 branch of the dungeon, and saw 3 of its levels.

You collected 97 gold pieces.
You donated 6 gold pieces to Zin.

Inventory:

Hand Weapons
 e - a +0 hunting sling
 n - a +0 scythe
 p - a +2 dagger of venom (weapon)
 z - a +0 mace of crushing
Missiles
 j - 135 arrows
 k - 81 stones (quivered)
Armour
 a - a +0 robe
 o - a +0 robe
 w - a cursed +0 chain mail (worn)
Jewellery
 f - a ring of poison resistance (left hand)
 h - a ring of stealth (right hand)
 r - an uncursed ring of stealth
Wands
 v - a wand of slowing (10/48)
Scrolls
 c - a scroll of fear {unknown}
 d - a scroll of blinking {unknown}
 i - 4 scrolls of identify {unknown}
 l - 2 scrolls of enchant armour {unknown}
 m - a scroll of recharging {unknown}
 t - a scroll of teleportation {unknown}
 y - a scroll of noise {unknown}
Potions
 g - 3 potions of curing {unknown}
 s - a potion of flight {unknown}
Books
 b - a book of Flames

   Spells                             Type                      Level
   a - Flame Tongue                   Conjuration/Fire             1
   b - Throw Flame                    Conjuration/Fire             2
   c - Conjure Flame                  Conjuration/Fire             3
   d - Inner Flame                    Hexes/Fire                   3
   e - Sticky Flame                   Conjuration/Fire             4
   f - Fireball                       Conjuration/Fire             5
 q - a book of Minor Magic

   Spells                             Type                      Level
   a - Magic Dart                     Conjuration                  1
   b - Blink                          Translocation                2
   c - Call Imp                       Summoning                    2
   d - Repel Missiles                 Charms/Air                   2
   e - Slow                           Hexes                        2
   f - Conjure Flame                  Conjuration/Fire             3
   g - Mephitic Cloud                 Conjuration/Poison/Air       3
Comestibles
 u - a slice of pizza
 x - a bread ration


   Skills:
 + Level 0.4(0.0) Fighting
 + Level 0.2(0.0) Short Blades
 + Level 0.1(0.0) Armour
 + Level 2.6(2.1) Dodging
 + Level 3.3(2.8) Stealth
 + Level 3.9(3.4) Spellcasting
 + Level 2.0(1.5) Conjurations
 + Level 4.9(4.4) Fire Magic


You had 5 spell levels left.
You knew the following spells:

 Your Spells              Type           Power        Failure   Level  Hunger
a - Flame Tongue          Conj/Fire      ##...        100%        1    None
b - Inner Flame           Hex/Fire       ##......     100%        3    ###....
c - Call Imp              Summ           #.......     100%        2    ##.....


Dungeon Overview and Level Annotations

Branches:
Dungeon (3/15)

Altars:
Dithmenos
Yredelemnul
Zin

Annotations:
D:3 Natasha


Innate Abilities, Weirdness & Mutations

You occasionally shout uncontrollably at your foes.


Message History

Natasha casts a spell.
The wight hits you with a hand axe of freezing.
* * * LOW HITPOINT WARNING * * *
You feel drained.
* * * LOW HITPOINT WARNING * * *
The wight freezes you.
* * * LOW HITPOINT WARNING * * *
Throwing (i - inventory):
k - 82 stones (quivered)
Press: ? - help, Shift-Dir - straight line, f/p - wight
Aim: a wight, wielding a hand axe of freezing and wearing a robe (moderately damaged)
You throw a stone.
The stone hits the wight but does no damage.
The wight is moderately damaged.
The jackal bites you but does no damage.
Natasha claws you but does no damage.
The wight hits you with a hand axe of freezing.
* * * LOW HITPOINT WARNING * * *
The wight freezes you.
You die...
Your body rises from the dead as a mindless zombie.

..........# #.......#...)...#
(.........# #.......#.......#
..........# #.......#.......#
..........#######.....###.....##
..............####.[.## ##.†.##
.................##'#######'#####
..............##g................
..............##zh5..............
..............##@h5w.............
#########.....#####'#######'#####
#.....# ##...## ##.).##
#.....###.....###.....##
#.....##.......#.......#.
########.......#.......#.
#...[...#...(...#.
##.....###.....### ##...##
##...##


You could see a worm, an iron imp, a wight, Natasha, a white imp, a jackal and a
goblin.

Vanquished Creatures
  Sigmund (D:2)
  5 adders
  An ooze (D:2)
  A worm (D:2)
  A dart slug (D:1)
  2 orcs (D:3)
  4 bats
  A giant cockroach (D:3)
  2 goblins
  3 hobgoblins
  4 jackals
  A quokka (D:2)
  6 frilled lizards
  7 kobolds
  7 rats
46 creatures vanquished.

Notes
Turn   | Place    | Note
-------+----------+-------------------------------------------
     0 | D:1      | spe3d0 the High Elf Fire Elementalist began the quest for the Orb.
     0 | D:1      | Reached XP level 1. HP: 11/11 MP: 4/4
   417 | D:1      | Reached XP level 2. HP: 17/17 MP: 4/6
   771 | D:2      | Noticed Sigmund
   778 | D:2      | Killed Sigmund
   778 | D:2      | Reached skill level 4 in Fire Magic
   778 | D:2      | Reached XP level 3. HP: 7/21 MP: 0/9
   778 | D:2      | Reached XP level 4. HP: 9/27 MP: 0/10
   778 | D:2      | Reached XP level 5. HP: 10/31 MP: 0/11
   981 | D:2      | Learned a level 3 spell: Inner Flame
   985 | D:2      | Learned a level 2 spell: Call Imp
  1214 | D:2      | Found a glowing silver altar of Zin.
  1225 | D:2      | Became a worshipper of Zin the Law-Giver
  1232 | D:2      | Found a basalt altar of Yredelemnul.
  1233 | D:2      | Found a shadowy altar of Dithmenos.
  1251 | D:2      | Fell from the grace of Zin
  1251 | D:2      | Became a worshipper of Yredelemnul the Dark
  1852 | D:3      | Gained mutation: You occasionally shout uncontrollably at your foes. [mutagenic glow]
  1893 | D:3      | Noticed Natasha
  1924 | D:3      | Reached * piety under Yredelemnul
  1926 | D:3      | HP: 1/32 [wight/hand axe of freezing (1)]
  1926 | D:3      | Slain by a wight

Vault maps used:
D:1:      minmay_arrival_up_and_down
D:2:      minitemple, minmay_pentomino_z4, uniq_sigmund
D:3:      kennysheep_six_static_rooms, first_bread, uniq_terence, uniq_iyjb,
          uniq_natasha, uniq_robin

Skill      XL: |  1  2  3  4  5 |
---------------+----------------+-----
Spellcasting   | 3 |  3.9
Fire Magic     | 4 |  4.9
Stealth        | 3 |  3.3
Conjurations   | 2 |  2.0
Fighting       | |  0.4
Short Blades   | |  0.2
Armour         | |  0.1
Dodging        | |  2.6

Action                   |  1- 3 |  4- 6 || total
-------------------------+-------+-------++-------
Melee: Dagger            |       |    47 ||    47
Throw: Stone             |       |     2 ||     2
 Cast: Flame Tongue      |    26 |    35 ||    61
  Eat: Bread ration      |       |     1 ||     1
Armor: Chain mail        |       |    70 ||    70
       Robe              |       |     4 ||     4
Dodge: Dodged            |     1 |    19 ||    20
